 Dungeon Sprint DCSS version 0.27.1-1-g398f81649c (webtiles) character file.

Game seed: 14848090555422552997

102 boopmooplesden the Skirmisher (level 4, -6/45 HPs)
             Began as a Minotaur Fighter on Sept 19, 2021.
             Mangled by a water elemental (8 damage)
             ... in the Dungeon (Sprint III: "The Ten Rune Challenge").
             The game lasted 00:01:43 (392 turns).

boopmooplesden the Skirmisher (Minotaur Fighter)     Turns: 392, Time: 00:01:43

Health: -6/45      AC:  7    Str: 21      XL:     4   Next: 50%
Magic:  3/3        EV:  8    Int:  4 (5)  God:
Gold:   18         SH: 10    Dex:  9 (10) Spells: 3/3 levels left

rFire    . . .     SeeInvis .   l - +5 club
rCold    . . .     Faith    .   c - +0 kite shield
rNeg     . . .     Spirit   .   b - +0 scale mail
rPois    .         Reflect  .   (helmet restricted)
rElec    .         Harm     .   (no cloak)
rCorr    .         Rampage  .   (no gloves)
Will     .....     NoTele   +   (no boots)
Stlth    ..........             (no amulet)
HPRegen  0.15/turn              (no ring)
MPRegen  0.08/turn              (no ring)

@: mighty, engulfed (cannot breathe)
A: horns 2, retaliatory headbutt, fangs 1, deterioration 1
a: no special abilities


You were in the Dungeon.
You visited 1 branch You collected 18 gold pieces.

Inventory:

Hand Weapons
 a - a +0 war axe
 l - a +5 club (weapon)
Armour
 b - a +0 scale mail (worn)
 c - a +0 kite shield (worn)
Scrolls
 j - a scroll of blinking
 k - a scroll of amnesia {unknown}
 m - 2 scrolls of holy word {unknown}
 n - a scroll of identify {unknown}
 p - a scroll of vulnerability {unknown}
Potions
 e - a potion of curing
 f - a potion of heal wounds
 g - a potion of haste
 h - 2 potions of magic
 i - a potion of berserk rage
 o - 4 potions of flight


   Skills:
 + Level 6.9 Fighting
 + Level 4.4(4.6) Axes
 + Level 1.9(3.4) Maces & Flails
 + Level 6.4 Armour
 + Level 0.2 Dodging
 + Level 6.8 Shields


You had 3 spell levels left.
You didn't know any spells.
Your spell library was empty.

Dungeon Overview and Level Annotations

Branches:
Dungeon (1/1)

Altars:


Innate Abilities, Weirdness & Mutations

You have a pair of horns on your head.
You reflexively headbutt those who attack you in melee.
You have very sharp teeth.
Your body sometimes deteriorates upon taking damage.


Message History

Moving in this stuff is going to be slow.
Really quaff the potion of mutation? [Y]es or [N]o only, please.
Really quaff the potion of mutation?
You feel extremely strange.
You feel clumsy.
Your talons dull and shrink into feet.
You regain control of your magic.
You feel less in control of your magic.
You feel frail.
Really quaff the potion of mutation?
You feel extremely strange.
You feel robust.
You regain control of your magic.
You feel yourself wasting away.
You open the door.
You feel very mighty all of a sudden.
A water elemental comes into view.
There is an open door to the Ecumenical Temple here.
You closely miss the water elemental. You headbutt the water elemental!
The water elemental is moderately damaged.
The water elemental completely misses you.
You hit the water elemental.
The water elemental is heavily damaged.
The water elemental completely misses you.
The water elemental hits you!
Your body deteriorates!
You feel dopey.
The water elemental engulfs you in water!
You sock the water elemental!
The water elemental is almost destroyed.
Your lungs strain for air!
You block the water elemental's attack.
You barely miss the water elemental.
The water elemental is almost destroyed.
Your body deteriorates!
You feel clumsy.
Your lungs strain for air!
The water elemental hits you.
* * * LOW HITPOINT WARNING * * *
You closely miss the water elemental.
The water elemental is almost destroyed.
* * * LOW HITPOINT WARNING * * *
Your lungs strain for air!
The water elemental hits you!
You die...

▓▓▓▓▓▓▓▓▓▓▓ ▓▓▓
.#..'...♣.♣ ♣.#
.#..#....♣ ♣.#
'####....♣♣♣ ♣.#
....#....≈.♣♣♣♣.###+#+##
....#...≈≈.♣♣...#.......
....#..≈≈≈≈♣♣.♣.@.⌠.....
###'#..≈≈≈≈≈≈♣♣.#E..####
..[.#.≈≈≈≈≈≈....#.⌠.#
....#.≈≈≈≈≈.....#...#
....#.≈≈≈.......#+###
#####...........#
................#
▓▓▓▓▓▓▓▓▓▓▓▓▓▓▓▓▓


You could see a water elemental.

Vanquished Creatures
  A scorpion (D)
  Jessica (D)
  A human (D)
  An endoplasm (D)
  2 rats (D)
6 creatures vanquished.

Vanquished Creatures (others)
  5 plants (D)
5 creatures vanquished.

Grand Total: 11 creatures vanquished

Notes
Turn   | Place    | Note
-------+----------+-------------------------------------------
     0 | D        | boopmooplesden the Minotaur Fighter began the quest for the
                  | Orb.
     0 | D        | Reached XP level 1. HP: 19/19 MP: 0/0
     9 | D        | Noticed Jessica
    14 | D        | Killed Jessica
    15 | D        | Reached skill level 5 in Fighting
    15 | D        | Reached skill level 5 in Armour
    15 | D        | Reached skill level 5 in Shields
    15 | D        | Reached XP level 2. HP: 17/29 MP: 1/1
    15 | D        | Reached XP level 3. HP: 21/36 MP: 2/2
   167 | D        | Noticed a scorpion
   173 | D        | Killed a scorpion
   174 | D        | Reached skill level 1 in Maces & Flails
   174 | D        | Reached XP level 4. HP: 19/45 MP: 3/3
   192 | D        | Gained mutation: You are dopey. (Int -2) [potion of
                  | mutation]
   193 | D        | Lost mutation: You are dopey. (Int -2) [potion of mutation]
   193 | D        | Gained mutation: You possess an exceptional clarity of
                  | mind. [potion of mutation]
   193 | D        | Gained mutation: You are agile. (Dex +2) [potion of
                  | mutation]
   372 | D        | Lost mutation: You possess an exceptional clarity of mind.
                  | [potion of mutation]
   372 | D        | Lost mutation: You are agile. (Dex +2) [potion of mutation]
   372 | D        | Gained mutation: You are agile. (Dex +2) [potion of
                  | mutation]
   372 | D        | Gained mutation: You have sharp toenails. [potion of
                  | mutation]
   372 | D        | Gained mutation: Your spells are a little harder to cast,
                  | but a little more powerful. [potion of mutation]
   372 | D        | Gained mutation: You have very sharp teeth. [potion of
                  | mutation]
   379 | D        | Lost mutation: You are agile. (Dex +2) [potion of mutation]
   379 | D        | Lost mutation: You have sharp toenails. [potion of
                  | mutation]
   379 | D        | Lost mutation: Your spells are a little harder to cast, but
                  | a little more powerful. [potion of mutation]
   379 | D        | Gained mutation: Your spells are a little harder to cast,
                  | but a little more powerful. [potion of mutation]
   379 | D        | Gained mutation: You are frail. (-10% HP) [potion of
                  | mutation]
   380 | D        | Lost mutation: You are frail. (-10% HP) [potion of
                  | mutation]
   380 | D        | Lost mutation: Your spells are a little harder to cast, but
                  | a little more powerful. [potion of mutation]
   380 | D        | Gained mutation: Your body sometimes deteriorates upon
                  | taking damage. [potion of mutation]
   387 | D        | Noticed a water elemental
   392 | D        | HP: 1/45 [drowned by a water elemental (9)]
   392 | D        | Mangled by a water elemental

Illustrated notes

Levels and vault maps discovered:
D:        dungeon_sprint_mu [sprint_mu_entry_forest, sprint_mu_temple_rooms,
          sprint_mu_d1_spiders, sprint_mu_d2_genie, sprint_mu_d3_branching,
          sprint_mu_orc_legion, sprint_mu_elf_gauntlet, sprint_mu_hive_nellie,
          sprint_mu_lair_fedhas, sprint_mu_vaults_butterflies,
          sprint_mu_slime_circle, sprint_mu_swamp_cave, sprint_mu_shoals_kraken,
          sprint_mu_blade_basic, sprint_mu_crypt_fortress,
          sprint_mu_tomb_spiral, sprint_mu_vestibule_basic,
          sprint_mu_gehenna_hellfire, sprint_mu_dis_giant,
          sprint_mu_tartarus_statrot, sprint_mu_cocytus_islands, sprint_mu_zot1]

Skill      XL: |  1  2  3 |
---------------+----------+-----
Fighting       | 5 6 |  6.9
Armour         | 5 6 |  6.4
Shields        | 5 6 |  6.8
Axes           | 3 4 |  4.4
Maces & Flails | 1 |  1.9
Dodging        | |  0.2

Action                   |  1- 3 |  4- 6 || total
-------------------------+-------+-------++-------
Melee: War axe           |     6 |       ||     6
       Headbutt          |     3 |     1 ||     4
       Club              |    15 |     5 ||    20
  Use: Potion            |       |     6 ||     6
Armor: Scale mail        |     5 |       ||     5
Dodge: Dodged            |     6 |     2 ||     8
Block: Kite shield       |    11 |     1 ||    12
